 Dungeon Crawl Stone Soup version 0.17-a0-1310-gaf4f4d6 (webtiles) character file.

47 MackTheKnife the Ducker (level 3, 0/25 HPs)
             Began as a Halfling Wanderer on June 8, 2015.
             Killed by nerve-wracking pain
             ... invoked by a shadow imp
             ... summoned by Natasha
              (10 damage)
             ... on level 3 of the Dungeon.
             The game lasted 00:03:16 (1818 turns).

MackTheKnife the Ducker (Halfling Wanderer)         Turns: 1818, Time: 00:03:16

Health: 0/25       AC: 10    Str: 16    XL:     3   Next: 97%
Magic:  3/3        EV: 13    Int:  9    God:
Gold:   232        SH:  0    Dex: 12    Spells: 0 memorised, 2 levels left

rFire  + . .     SeeInvis .     b - +0 mace
rCold  . . .     Clarity  .     a - +2 scale mail
rNeg   . . .     SustAt   .     (shield restricted)
rPois  .         Gourm    .     (no helmet)
rElec  .         Spirit   .     (no cloak)
rCorr  .         Warding  .     o - +1 pair of gloves
rMut   .         Stasis   .     (no boots)
MR     .....                    r - amulet of inaccuracy (curse)
Stlth  ..........               j - ring of protection from cold {rC+, !d}
                                n - ring of fire {rF+, rC-}

@: not resistant to hostile enchantments, extremely unstealthy
A: mutation resistance 1
a: no special abilities


You were on level 3 of the Dungeon.
You were not hungry.

You visited 1 branch of the dungeon, and saw 3 of its levels.

You collected 232 gold pieces.

Inventory:

Hand weapons
 b - a +0 mace (weapon)
 s - a +0 falchion
   (You found it on level 3 of the Dungeon)
Missiles
 q - 6 poisoned needles
Armour
 a - a +2 scale mail (worn)
 l - a +0 plate armour
   (You found it on level 2 of the Dungeon)
 o - a +1 pair of gloves (worn)
   (You found it on level 2 of the Dungeon)
Jewellery
 j - a ring of protection from cold (right hand) {rC+, !d}
   (You found it on level 1 of the Dungeon)
 n - a ring of fire (left hand) {rF+, rC-}
   (You found it on level 2 of the Dungeon)
 r - a cursed amulet of inaccuracy (around neck)
   (You found it on level 2 of the Dungeon)
Scrolls
 e - a scroll of enchant weapon
 i - 2 scrolls of identify
 k - 2 scrolls of immolation {!r}
Potions
 g - a potion of flight {unknown}
 h - a potion of resistance {unknown}
 p - 2 potions of brilliance {unknown}
Books
 c - the Almanac of Feathers

   Spells                             Type                      Level
   a - Shock                          Conjuration/Air              1
   b - Repel Missiles                 Charms/Air                   2
Comestibles
 d - 2 bread rations {@e1}
 f - a beef jerky


   Skills:
 - Level 2.6 Fighting
 - Level 2.6 Throwing
 - Level 2.1 Armour
 + Level 3.5 Dodging
   Level 1.0 Transmutations
   Level 2.1 Air Magic


You had 2 spell levels left.
You didn't know any spells.

Dungeon Overview and Level Annotations

Branches:
Dungeon (3/15)

Altars:
Nemelex Xobeh

Annotations:
D:3 MonkeyBuisness's ghost, average MiBe; Natasha


Innate Abilities, Weirdness & Mutations

You are small and have problems with some larger weapons.
You are somewhat resistant to further mutation.


Message History

There is a stone staircase leading down here.
A worm comes into view.
Read which item? (? for menu, Esc to quit)
Okay, then.
There is a stone staircase leading down here.
You climb downwards.
A rat comes into view.
There is a stone staircase leading up here.
The rat barely misses you.
You completely miss the rat. The rat closely misses you.
You barely miss the rat. The rat bites you but does no damage.
You barely miss the rat. The rat closely misses you.
The rat closely misses you.
You thump the rat!
You kill the rat!
No target in view!
MonkeyBuisness's ghost (average Minotaur Berserker) comes into view.
You see here a falchion.
s - a falchion MonkeyBuisness's ghost turns its malevolent gaze towards you.
You see here a rat corpse.
There is a stone staircase leading up here.
You climb upwards.
There is a stone staircase leading down here.
A worm is nearby!
The worm closely misses you.
All of the chunks of flesh in your inventory have rotted away.
Things that are here:
a club; a hobgoblin skeleton
There is a stone staircase leading down here.
You can't go down here!
There is a stone staircase leading down here.
You climb downwards.
Level annotation: MonkeyBuisness's ghost, average MiBe
There is a stone staircase leading up here.
You see here 4 large rocks {!d}.
A hobgoblin comes into view.
You see here 13 gold pieces.
A hobgoblin is nearby!
There are no items here.
The hobgoblin hits you.
You take 1 damage, and have 24/25 hp.
You miss the hobgoblin. The hobgoblin barely misses you.
The hobgoblin completely misses you.
You hit the hobgoblin. The hobgoblin barely misses you.
You completely miss the hobgoblin.
The hobgoblin hits you but does no damage.
The hobgoblin misses you.
You miss the hobgoblin. The hobgoblin hits you.
You take 4 damage, and have 20/25 hp.
You barely miss the hobgoblin. The hobgoblin hits you.
You take 4 damage, and have 16/25 hp.
You hit the hobgoblin.
You kill the hobgoblin!
No target in view!
You now have 232 gold pieces (gained 13).
Read which item? (? for menu, Esc to quit)
Okay, then.
Natasha, Servant of Life and Death comes into view.
Natasha hisses angrily.
Natasha mumbles some strange words.
You barely miss the shadow imp.
The shadow imp hits you but does no damage.
You barely miss the shadow imp.
The shadow imp hits you but does no damage.
You sock the shadow imp! The shadow imp gestures at you.
Pain shoots through your body!
The shadow imp hits you but does no damage.
You take 1 damage, and have 17/25 hp.
You miss the shadow imp.
The shadow imp hits you but does no damage.
You miss the shadow imp. The shadow imp gestures at you.
Pain shoots through your body! The shadow imp gestures at you.
You barely resist.
You take 8 damage, and have 9/25 hp.
MASSIVE DAMAGE!!
You miss the shadow imp. The shadow imp closely misses you.
You closely miss the shadow imp. The shadow imp barely misses you.
You hit the shadow imp but do no damage.
The shadow imp barely misses you.
The shadow imp hits you but does no damage.
You miss the shadow imp. The shadow imp barely misses you.
You hit the shadow imp but do no damage.
The shadow imp misses you. x2
You barely miss the shadow imp.
The shadow imp hits you but does no damage.
Natasha casts a spell.
You closely miss the shadow imp. The shadow imp closely misses you.
Natasha extends her claws.
Natasha casts a spell next to you.
A cloud of flames roars to life!
You completely miss the shadow imp.
The shadow imp hits you but does no damage.
The crimson imp blinks!
The shadow imp gestures at you. Pain shoots through your body!
You die...

###
##############
#..
...!§h5@§....#
#.#
############.#
#.# #.# #.#
#.# #.# #.#
#<# #.# #.#
#.#
###(#######
#.#
#.........#
###.#######


You could see Natasha and a shadow imp.

Vanquished Creatures
  An adder (D:2)
  An ooze (D:1)
  A giant gecko (D:2)
  7 bats
  5 hobgoblins
  3 jackals (D:1)
  A giant cockroach (D:1)
  A giant newt (D:1)
  3 goblins
  5 kobolds
  5 rats
33 creatures vanquished.

Notes
Turn   | Place    | Note
--------------------------------------------------------------
     0 | D:1      | MackTheKnife the Halfling Wanderer began the quest for the Orb.
     0 | D:1      | MackTheKnife set off with: a +2 scale mail, a +0 mace, the Almanac of Feathers, a bread ration {@e1}
     0 | D:1      | Reached XP level 1. HP: 15/15 MP: 1/1
   100 | D:1      | Reached skill level 1 in Dodging
   100 | D:1      | Reached XP level 2. HP: 16/20 MP: 2/2
   156 | D:1      | Reached skill level 2 in Dodging
   297 | D:1      | Reached XP level 3. HP: 25/25 MP: 3/3
  1001 | D:2      | Found a sparkling altar of Nemelex Xobeh.
  1090 | D:2      | Reached skill level 3 in Dodging
  1471 | D:2      | Identified the Almanac of Feathers
  1709 | D:3      | Noticed MonkeyBuisness's ghost (average MiBe)
  1803 | D:3      | Noticed Natasha
  1818 | D:3      | Killed from afar by a shadow imp

Vault maps used:
D:1:      nicolae_arrival_somewhat_less_tricky_arrival
D:2:      nemelex_xobeh_ov_fountains_minmay, lemuel_zombie_altar_kikubaaqudgha
D:3:      grunt_temple_overflow_champion_of_chaos, okawaru_metal_pillars_1_2,
          uniq_natasha

Action                   || total
-------------------------++-------
Melee: Mace              ||   172
  Use: Scroll            ||     3
  Eat: Chunk             ||     3

Vault maps used:
D:1:      nicolae_arrival_somewhat_less_tricky_arrival
D:2:      nemelex_xobeh_ov_fountains_minmay, lemuel_zombie_altar_kikubaaqudgha
D:3:      grunt_temple_overflow_champion_of_chaos, okawaru_metal_pillars_1_2,
          uniq_natasha

Table legend:
 A = Turns spent in this place as a percentage of turns spent in the entire game.
 B = Non-inter-level travel turns spent in this place as a percentage of non-inter-level travel turns spent in the entire game.
 C = Inter-level travel turns spent in this place as a percentage of turns spent in this place.
 D = Turns resting spent in this place as a percentage of non-inter-level travel turns spent in this place.
 E = Turns spent auto-exploring this place as a percentage of non-inter-level travel turns spent in this place.
 F = Non-inter-level travel turns spent in this place divided by the number of levels of this place that you've seen.
                   A       B       C       D       E      F
               +-------+-------+-------+-------+-------+----------------------
         Total | 100.0 | 100.0 |   0.4 |   0.4 |  10.6 | 173.7
       Dungeon | 100.0 | 100.0 |   0.4 |   0.4 |  10.6 | 173.7
               +-------+-------+-------+-------+-------+----------------------

Table legend:
 A = Kills in this place as a percentage of kills in entire the game.
 B = Kills by you in this place as a percentage of kills by you in the entire game.
 C = Kills by friends in this place as a percentage of kills by friends in the entire game.
 D = Other kills in this place as a percentage of other kills in the entire game.
 E = Experience gained in this place as a percentage of experience gained in the entire game.
 F = Experience gained in this place divided by the number of levels of this place that you have seen.
                   A       B       C       D       E      F
               +-------+-------+-------+-------+-------+----------------------
         Total | 100.0 | 100.0 |  -nan |  -nan | 100.0 |  22.7
       Dungeon | 100.0 | 100.0 |  -nan |  -nan | 100.0 |  22.7
               +-------+-------+-------+-------+-------+----------------------
